cohdb
Replays
Latest Replays
All Replays
Popular Replays
Top Player Replays
Match Explorer
How It Works
Community
CoH3 Stats
Reddit
Sign in to upload your games and track your stats! →
Sign in with Steam
Match 43788083
Unlisted
Match 43788083
Overview
Messages
Build Orders
End
250 Light Carrier
Selects Panzerjäger Kommand Battlegroup
Panzergrenadier Squad
Panzergrenadier Squad
Construct Light Support Kompanie
Selects Tank Busters
2.5-tonne Medical Truck
Panzerjäger Squad
Fire Support Elements
Panzerpioneer Squad
Selects Crew Shock Tactics
le.IG 18 Mechanized Group
Combat Half-tracks
Construct Mechanized Kompanie
Selects Blockade Equipment
Selects Early Warning
MG34 Team
StuG III D Assault Gun
Assault Mechanized Group
Selects Butterfly Bomb Drop
Construct Panzerarmee Kommand
PermaChatBanned
I Sell N00ses
King Mrgl-Mrgl
kebabsson
admiral_gnar
Lit Dude
0
0
Comments
sign in to comment!
No comments posted yet!